 Dungeon Crawl Stone Soup version 0.30-a0-830-gfe289a77b0 (webtiles) character file.

Game seed: 8207564709733614107

11 Esekla the Sneak (level 2, 0/21 HPs)
             Began as an Octopode Delver on Mar 1, 2023.
             Slain by an orc wizard
             ... wielding a +0 war axe
              (7 damage)
             ... on level 5 of the Dungeon.
             The game lasted 00:01:41 (214 turns).

Esekla the Sneak (Octopode Delver)                   Turns: 214, Time: 00:01:41

Health: 0/21       AC:  1    Str: 11    XL:     2   Next: 29%
Magic:  2/2        EV: 13    Int: 12    God:
Gold:   32         SH:  0    Dex: 13    Spells: 1/1 levels left

rFire   . . .      SeeInvis .    a - +0 falchion
rCold   . . .      Faith    .    (no shield)
rNeg    . . .      Spirit   .    (helmet restricted)
rPois   .          Reflect  .    (no amulet)
rElec   .          Harm     .    (no ring)
rCorr   .          Rampage  .    (no ring)
Will    .....                    (no ring)
Stlth   ++++                     (no ring)
HPRegen 0.23/turn                (no ring)
MPRegen 0.08/turn                (no ring)
                                 (no ring)
                                 (no ring)

@: no status effects
A: almost no armour, amphibious, 8 rings, camouflage 1, gelatinous body 1,
(nimble swimmer 1), tentacles
a: no special abilities


You were on level 5 of the Dungeon.
You visited 1 branch of the dungeon, and saw 1 of its levels.

You collected 32 gold pieces.

Inventory:

Hand Weapons
 a - a +0 falchion (weapon)
 c - a +0 trident
Wands
 f - a wand of digging (3)
Scrolls
 b - a scroll of fog
 d - a scroll of fear
 g - a scroll of teleportation {unknown}
Potions
 e - a potion of haste


   Skills:
 * Level 3.1 Fighting
 * Level 2.1 Long Blades
 * Level 2.1 Dodging
 + Level 6.9 Stealth
 * Level 0.3 Spellcasting


You had one spell level left.
You didn't know any spells.
Your spell library was empty.

Dungeon Overview and Level Annotations

Branches:
Dungeon (5/15)             Temple (0/1) D:5

Altars:


Innate Abilities, Weirdness & Mutations

You cannot wear most types of armour.
You are amphibious.
You can wear up to eight rings at the same time.
Your skin changes colour to match your surroundings (Stealth+).
Your rubbery body absorbs attacks. (AC +1, EV +1)
((You are camouflaged when in or above water. (Stealth+)))
You have tentacles for arms and can constrict up to eight enemies at once.


Message History

Found a staircase to the Ecumenical Temple.
The orc shouts!
There is an open door here.
You start waiting.
An orc is nearby!
You hit the orc. You grab the orc.
You tentacle-slap the orc, but do no damage.
You squeeze the orc.
The orc is almost dead.
You constrict the orc.
You kill the orc!
You start waiting.
A scorpion comes into view.
Things that are here:
a +0 club; an orc corpse
There is an open door here.
Found a book of Geomancy and a +0 dagger.
You close the door.
You have 32 gold pieces.
Unknown command.
The orc wizard gestures at you while chanting.
You are confused.
The orc shouts!
Okay, then.
The orc wizard hits you with a +0 war axe!
Ouch! That really hurt!
You bump into the rock wall.
The orc wizard misses you.
You barely miss the orc wizard.
You feel less confused. The orc wizard casts a spell at you.
The puff of flame misses you. The orc completely misses you.
You closely miss the orc wizard. You grab the orc wizard.
You constrict the orc wizard. The orc hits you with a +0 short sword.
The orc wizard closely misses you. The orc hits you with a +0 short sword.
The orc wizard barely misses you.
You slash the orc!
You kill the orc!
You constrict the orc wizard.
The orc wizard hits you with a +0 war axe!
You die...

*,,,,,,*,,* *.# **,***,*,*
***##,***,## *.# *****,*,* #.#*
*#.# *#'### *,,,,* *#.###s#*
##....## *,**** *#.#.#* ##...$.)#
*,,,,* ##)## ##.....>.## **,,,*
########...####.....$.:.#***,,,,*
......s.......+.o.......',,,,,,,,
########...####.@)...[..#*,,,,,,,
##.## ##.......##*,**,,,, #.#
##.....## *,***,,, #.# ##..$##
*,* *,,, *#.# *#+## *,* *,,, *..#
*,* *,* *,,, *.## *,**** *,***,,,
*,* *** **,,,,***,<,,,,, *,*
**,****,,,,,,**,,,,,,*


You could see an orc wizard.

Vanquished Creatures
  An adder (D:5)
  2 orcs (D:5)
3 creatures vanquished.

Notes
Turn   | Place    | Note
-------+----------+-------------------------------------------
     0 | D:5      | Esekla the Octopode Delver began the quest for the Orb.
     0 | D:5      | Reached XP level 1. HP: 16/16 MP: 1/1
    59 | D:5      | Reached XP level 2. HP: 14/21 MP: 2/2
    75 | D:5      | Noticed a phantom
   142 | D:5      | Found a staircase to the Ecumenical Temple.
   196 | D:5      | Noticed a scorpion
   214 | D:5      | Slain by an orc wizard

Illustrated notes

Levels and vault maps discovered:
D:5:      layout_loops_corners, minmay_temple_entry_offerings, uniq_eustachio

Action                     || total
---------------------------++-------
  Melee: Falchion          ||     6
         Tentacles         ||     3
         Constrict         ||     3
         Punch             ||     1
    Use: Scroll            ||     1
   Stab: Sleeping          ||     1
  Dodge: Dodged            ||     6

Table legend: (Time is in decaauts)
 A = Elapsed time spent in this place.
 B = Non-inter-level travel time spent in this place.
 C = Inter-level travel time spent in this place.
 D = Time resting spent in this place.
 E = Time spent auto-exploring this place.
 F = Levels seen in this place.
 G = Mean time per level.
                   A        B        C        D        E       F      G
               +--------+--------+--------+--------+--------+-----+--------+
         Total |    215 |    215 |      0 |     78 |      0 |   1 |  215.0 |
       Dungeon |    215 |    215 |      0 |     78 |      0 |   1 |  215.0 |
               +--------+--------+--------+--------+--------+-----+--------+

Top non-repeatable levels by time:
     D:5: 215 daAuts
